 Dungeon Crawl Stone Soup version 0.28.0-53-g5a82cb258f (webtiles) character file.

Game seed: 16875824949445162368

279385 issech the Peltast (level 19, -41/144 HPs)
             Began as a Minotaur Monk on June 22, 2022.
             Was the Champion of Hepliaklqana.
             Killed from afar by a deep elf annihilator (58 damage)
             ... with an iron shot
             ... on level 3 of the Elven Halls on June 24, 2022.
             The game lasted 04:39:06 (46740 turns).

issech the Peltast (Minotaur Monk)                 Turns: 46740, Time: 04:39:07

Health: -41/144    AC: 33    Str: 18    XL:     19   Next: 65%
Magic:  18/18      EV: 15    Int: 10    God:    Hepliaklqana [******]
Gold:   4064       SH: 26    Dex: 21    Spells: 17/18 levels left

rFire   + + .      SeeInvis .   M - +9 war axe of the New World {vorpal, rCorr}
rCold   . . .      Faith    .   I - +0 kite shield {reflect}
rNeg    . . .      Spirit   .   O - +4 plate armour {rF+}
rPois   .          Reflect  +   d - +2 hat
rElec   .          Harm     .   b - +2 cloak of Defiance {rF+ Regen+ Int+3}
rCorr   +          Rampage  .   Z - +2 pair of gloves {Stlth+}
Will    +....                   q - +0 pair of boots
Stlth   +.........              R - amulet of reflection
HPRegen 0.00/turn               L - +4 ring of slaying
MPRegen 0.16/turn               t - +4 ring of evasion

@: sick, studying 2 skills, unable to read
A: reduced essence, horns 2, retaliatory headbutt, large bone plates 1, agile 1,
frail 1, regeneration 1, inability to read while threatened
}: 2/15 runes: decaying, gossamer
a: Renounce Religion, Recall Ancestor, Ancestor Identity, Transference, Idealise


You were on level 3 of the Elven Halls.
You worshipped Hepliaklqana.
Hepliaklqana was exalted by your worship.
You visited 7 branches of the dungeon, and saw 35 of its levels.
You visited the Abyss 1 time.
You also visited: Ossuary, Bailey, Gauntlet, Ice Cave and Volcano.

You collected 5360 gold pieces.
You spent 1296 gold pieces at shops.

Inventory:

Hand Weapons
 a - the +4 hand crossbow of Systro Jokly {flame, rElec rC++ Int-2 Stlth+}
   (You took it off a meliai on level 13 of the Dungeon)

   Any ammunition fired from it burns those it strikes, dealing additional fire
   damage.
   Int:       It affects your intelligence (-2).
   rC:        It greatly protects you from cold.
   rElec:     It insulates you from electricity.
   Stlth:     It makes you more stealthy.
 F - the +3 long sword of the Screaming Wasp {freeze, +Blink rN+}
   (You found it in a bailey)

   It freezes those it strikes, dealing additional cold damage.
   It can also slow down cold-blooded creatures.
   rN:        It protects you from negative energy.
   +Blink:    It lets you blink.
 M - the +9 war axe of the New World (weapon) {vorpal, rCorr}
   (You found it on level 1 of the Lair of Beasts)

   It inflicts extra damage upon your enemies.
   rCorr:     It protects you from acid and corrosion.
 N - the +10 flail of Division {venom, rF+ rC- MP+9}
   (You took it off a minotaur in a Gauntlet)

   It poisons the flesh of those it strikes.
   rF:        It protects you from fire.
   rC:        It makes you vulnerable to cold.
   MP:        It affects your magic capacity (+9).
Missiles
 e - 880 stones
 g - 6 boomerangs (quivered)
 r - 925 arrows
 x - 226 bolts
 S - 241 sling bullets
 T - a throwing net
Armour
 b - the +2 cloak of Defiance (worn) {rF+ Regen+ Int+3}
   (You found it in a Gauntlet)

   Int:       It affects your intelligence (+3).
   rF:        It protects you from fire.
   Regen:     It increases your rate of health regeneration.
 d - a +2 hat (worn)
 p - a +4 chain mail of cold resistance
 q - a +0 pair of boots (worn)
 G - the +0 hat of the Grue {+Inv Stlth+}
   (You found it in a Gauntlet)

   +Inv:      It lets you turn invisible.
   Stlth:     It makes you more stealthy.
 I - a +0 kite shield of reflection (worn)
 O - a +4 plate armour of fire resistance (worn)
 Q - a +2 chain mail of poison resistance
 V - the +1 ring mail of the Elven Halls {Fly}
   (You found it in a Gauntlet)

   Fly:       It grants you flight.
 Y - a +3 chain mail of willpower
 Z - a +2 pair of gloves of stealth (worn)
Jewellery
 n - a ring of resist corrosion
 t - a +4 ring of evasion (right hand)
 u - a ring of see invisible
 w - a ring of ice
 z - the ring of Xom's Best Wishes {Fire Int+2}
   (You found it on level 5 of the Lair of Beasts)

   [ring of fire]

   It enhances your fire magic.
   Int:       It affects your intelligence (+2).
   rF:        It protects you from fire.
   rC:        It makes you vulnerable to cold.
 A - a +6 ring of dexterity
 J - a ring of willpower
 L - a +4 ring of slaying (left hand)
 P - a +6 ring of strength
 R - an amulet of reflection (around neck)
Wands
 h - a wand of acid (22)
 o - a wand of iceblast (32)
 y - a wand of mindburst (20)
 B - a wand of polymorph (26)
 C - a wand of paralysis (37)
 H - a wand of charming (5)
 W - a wand of digging (19)
 X - a wand of flame (55)
Scrolls
 c - 12 scrolls of teleportation
 f - 4 scrolls of fear
 i - a scroll of summoning
 j - 6 scrolls of blinking
 m - a scroll of magic mapping
Potions
 k - 3 potions of might
 l - 8 potions of curing
 s - 8 potions of heal wounds
 v - a potion of resistance
 D - 4 potions of invisibility
 E - 7 potions of ambrosia
 K - 3 potions of haste
 U - 2 potions of berserk rage


   Skills:
 + Level 18.3 Fighting
 + Level 6.2 Long Blades
 + Level 17.1(20.0) Axes
 + Level 14.0(17.5) Maces & Flails
 + Level 10.7(15.2) Polearms
 + Level 11.2 Crossbows
 + Level 3.2 Throwing
 + Level 17.5 Armour
 + Level 9.0 Dodging
 + Level 7.7 Stealth
 + Level 20.0 Shields
 + Level 0.6 Unarmed Combat
 + Level 0.4 Spellcasting
 + Level 0.5 Transmutations
 + Level 0.3 Poison Magic
 + Level 0.2 Evocations


You had 17 spell levels left.
You knew the following spells:

 Your Spells              Type           Power      Damage    Failure   Level
a - Sting                 Tmut/Pois      4%         1d3       99%         1

Your spell library contained the following spells:

 Spells                   Type           Power      Damage    Failure   Level
 Animate Skeleton         Necr           0%         N/A       99%         1
 Apportation              Tloc           0%         N/A       99%         1
 Freeze                   Ice            0%         1d3       99%         1
 Pain                     Necr           0%         1d4       99%         1
 Slow                     Hex            0%         N/A       99%         1
 Passwall                 Tmut/Erth      0%         N/A       100%        2
 Confusing Touch          Hex            0%         N/A       100%        3
 Conjure Flame            Conj/Fire      0%         6-21      100%        3
 Frozen Ramparts          Ice            0%         1d2       100%        3
 Gell's Gravitas          Tloc           0%         N/A       100%        3
 Ignite Poison            Fire/Tmut/Pois 0%         N/A       100%        3
 Mephitic Cloud           Conj/Pois/Air  0%         N/A       100%        3
 Ozocubu's Armour         Ice            0%         N/A       100%        3
 Portal Projectile        Hex/Tloc       0%         N/A       100%        3
 Teleport Other           Tloc           0%         N/A       100%        3
 Tukima's Dance           Hex            0%         N/A       100%        3
 Vampiric Draining        Necr           0%         2d6       100%        3
 Anguish                  Hex/Necr       0%         N/A       100%        4
 Hailstorm                Conj/Ice       0%         3d3       100%        4
 Ice Form                 Ice/Tmut       0%         N/A       100%        4
 Leda's Liquefaction      Hex/Erth       0%         N/A       100%        4
 Sticky Flame             Conj/Fire      0%         2d3       100%        4
 Summon Ice Beast         Ice/Summ       0%         N/A       100%        4
 Blade Hands              Tmut           0%         N/A       100%        5
 Freezing Cloud           Conj/Ice/Air   0%         6-21      100%        5
 Irradiate                Conj/Tmut      0%         3d13      100%        5
 Lee's Rapid Deconstruct  Erth           0%         3d5*      100%        5
 Manifold Assault         Tloc           0%         N/A       100%        5
 Dispersal                Tloc           0%         N/A       100%        6
 Eringya's Noxious Bog    Tmut/Pois      0%         N/A       100%        6
 Statue Form              Tmut/Erth      0%         N/A       100%        6
 Dragon Form              Tmut           0%         N/A       100%        7
 Enfeeble                 Hex            0%         N/A       100%        7
 Ozocubu's Refrigeration  Ice            0%         4d5       100%        7
 Shatter                  Erth           0%         3d5*      100%        9


Dungeon Overview and Level Annotations

Branches:
Dungeon (15/15)            Temple (1/1) D:5            Lair (6/6) D:8
  Swamp (4/4) Lair:2       Spider (4/4) Lair:2        Slime (0/5) Lair:5
    Orc (2/2) D:9             Elf (3/3) Orc:2        Vaults (0/5) D:14
 Depths (0/4) D:15        Ossuary (visited)          Bailey (visited)
  IceCv (visited)         Volcano (visited)         Gauntlet (visited)

Altars:
Ashenzari
Cheibriados
Dithmenos
Elyvilon
Fedhas
Gozag
Hepliaklqana
Kikubaaqudgha
Makhleb
Nemelex Xobeh
Okawaru
Qazlal
Ru
Sif Muna
Trog
Uskayaw
Vehumet
Wu Jian
Xom
Yredelemnul
Zin
The Shining One
Beogh
Jiyva

Shops:
D:7 (   D:15 *   Orc:1 !   Orc:2 !!**:   Elf:1 ?   Elf:2 *?([*   Elf:3 ?


Innate Abilities, Weirdness & Mutations

Your life essence is reduced to manifest your ancestor. (-10% HP)
You have a pair of horns on your head.
You reflexively headbutt those who attack you in melee.
You are partially covered in large bone plates. (SH +4)
You are agile. (Dex +2)
You are frail. (-10% HP)
Your natural rate of healing is unusually fast.
You sometimes lose the ability to read scrolls when taking damage.


Message History

The deep elf high priest utters a dark prayer and points at you.
Your life force is offered up.
* * * LOW HITPOINT WARNING * * *
The deep elf high priest is healed.
The deep elf annihilator mumbles some strange words.
The deep elf annihilator blinks!
The blizzard demon shouts!
You feel much better.
You block the deep elf high priest's attack.
You cannot read scrolls in your current state!
You closely miss the deep elf high priest.
You headbutt the deep elf high priest!
The deep elf high priest is moderately wounded.
The deep elf demonologist gestures wildly while chanting.
You block the deep elf high priest's attack.
The deep elf annihilator mumbles some strange words.
The deep elf annihilator blinks!
You slash the deep elf high priest! You headbutt the deep elf high priest!
The deep elf high priest is almost dead.
You slash the deep elf zephyrmancer!
The deep elf high priest utters an invocation to its god.
The deep elf high priest begins emitting a brilliant aura!
The deep elf annihilator is empowered by the deep elf high priest's aura! x2
The deep elf demonologist is empowered by the deep elf high priest's aura!
The deep elf zephyrmancer is empowered by the deep elf high priest's aura! x2
You hit the deep elf high priest but do no damage.
The deep elf high priest is almost dead.
You barely miss the deep elf zephyrmancer.
You slash the deep elf annihilator!
The deep elf annihilator mumbles some strange words.
The deep elf annihilator blinks!
The deep elf zephyrmancer casts a spell at you.
The bolt of lightning hits you!!
* * * LOW HITPOINT WARNING * * *
The bolt of lightning misses you.
The bolt of lightning hits the deep elf zephyrmancer!!!
The deep elf zephyrmancer dies!
The deep elf annihilator gestures at you while chanting.
The iron shot hits you!!!
You die...

#...#.....#
#..#.#....##
#...###[...#
#....##..).#
##....##...##
#.....#....#
#....###...#
##....###).# #
#.....#))@#####...
##.......eeeee.ยง..
###...)..[e24..##
####....)3.....
############


You could see 2 deep elf annihilators, a blizzard demon (summoned), a deep elf
demonologist (empowered), 2 deep elf high priests, a rust devil (summoned), a
deep elf zephyrmancer (empowered) and a neqoxec (summoned).

Vanquished Creatures
  Nikola (Swamp:3)
  A tentacled monstrosity (Swamp:4)
  Mlioglotl (Spider:1)
  Jorgrun (D:12)
  Asterion (Spider:3)
  A deep elf master archer (Elf:3)
  2 deep elf blademasters (Elf:3)
  2 tentacled starspawn (Abyss:3)
  Kirke (Spider:1)
  Agnes (Elf:1)
  Donald (Orc:2)
  A fenstrider witch (Swamp:2)
  2 deep elf sorcerers (Elf:3)
  5 emperor scorpions
  4 ghost moths
  Aizul (Spider:1)
  An orc warlord (Orc:1)
  Louise (Spider:1)
  2 ghouls
  4 deep elf elementalists (Elf:3)
  A broodmother (Spider:2)
  An entropy weaver (Spider:4)
  An eleionoma (Swamp:1)
  Nessos (Orc:2)
  A deep elf demonologist (Elf:2)
  2 spark wasps
  3 bunyips
  7 deep elf annihilators
  A minotaur (Gauntlet)
  2 deep elf death magi (Elf:3)
  A quicksilver dragon zombie (Abyss:3)
  Azrael (Spider:3)
  Snorg (Orc:1)
  An ettin (Orc:2)
  A great orb of eyes (D:15)
  A deep elf high priest (Elf:3)
  A fire dragon (shapeshifter) (Elf:2)
  20 hydras
  A catoblepas (Lair:5)
  A boulder beetle (D:11)
  Fannar (D:12)
  3 ghost crabs
  2 ogre magi (Orc:2)
  A spriggan air mage (Swamp:4)
  19 two-headed ogres
  3 centaur warriors
  21 dancing weapons
  3 death scarabs (Gauntlet)
  2 death yaks (Lair:6)
  6 alligators
  Sonja (Orc:2)
  5 deep elf knights
  2 wretched stars (Abyss:3)
  A spectral catoblepas (Gauntlet)
  3 skeletal warriors
  A spectral death yak (Gauntlet)
  A sun moth (Spider:3)
  5 pharaoh ants
  5 steelbarb worms
  2 deep trolls (Orc:2)
  A death drake (Swamp:3)
  A goliath frog (Swamp:4)
  4 spriggan druids
  9 swamp dragons
  5 deep elf archers
  4 orb spiders
  2 spectral hydras (Gauntlet)
  An anaconda skeleton (Volcano)
  A bog body (Lair:2)
  A lindwurm (Lair:6)
  Pikel (D:5)
  9 deep elf pyromancers
  4 orc knights
  12 deep elf zephyrmancers
  6 cyclopes
  3 oklob plants (Lair:5)
  10 wolf spiders
  A worldbinder (Gauntlet)
  16 ugly things
  2 manticores
  8 slime creatures
  A will-o-the-wisp (Swamp:3)
  9 elephants
  3 moths of wrath
  2 torpor snails
  2 ice statues (IceCv)
  Maurice (D:8)
  3 black mambas (Lair:6)
  Psyche (D:9)
  2 smoke demons (Abyss:3)
  4 gargoyles
  4 cane toads
  3 yaktaurs
  3 demonic crawlers
  A kobold demonologist (D:10)
  11 rime drakes
  An efreet (D:13)
  A freezing wraith (D:15)
  6 komodo dragons
  2 ancient zymes (Abyss:3)
  9 trolls
  A meliai (shapeshifter) (D:13)
  The ghost of bchevrier the Grasshopper, an amateur GnWr of Qazlal (D:4)
  5 tyrant leeches
  6 hornets
  A queen bee (Lair:6)
  Grinder (D:3)
  15 meliai
  3 polar bears
  3 harpy skeletons
  20 tarantellas
  6 blink frogs (Lair:6)
  A small abomination (Abyss:3)
  2 raiju (Abyss:3)
  4 large abominations (Abyss:3)
  4 dream sheep
  A dream sheep (shapeshifter) (D:15)
  34 jumping spiders
  5 culicivoras
  3 flying skulls (Volcano)
  Sigmund (D:4)
  2 water elementals (Elf:2)
  6 spriggans
  An air elemental (Elf:1)
  A shadow (D:13)
  3 wraiths
  A spectral fire crab (Gauntlet)
  19 yaks
  2 wyverns
  8 fire elementals
  2 hogs (Spider:1)
  3 basilisks
  A vampire mosquito (D:13)
  42 redbacks
  11 steam dragons
  A neqoxec (Abyss:3)
  7 swamp worms
  2 wargs
  An acid dragon (D:6)
  11 water moccasins
  Duvessa (D:4)
  A hell hound (Spider:3)
  3 swamp drakes (Swamp:4)
  10 orc warriors
  5 black bears
  A necrophage (D:4)
  4 boggarts
  20 ogres
  12 wolves
  A lemure (D:5)
  15 centaurs
  Blork the orc (D:4)
  A wyvern zombie (D:9)
  3 bullfrogs
  A gnoll sergeant (D:13)
  2 cane toad simulacra (IceCv)
  2 water moccasin zombies (D:6)
  Dowan (D:4)
  13 killer bees (Lair:6)
  4 wights
  An electric eel (D:9)
  4 vampire bats (Bailey)
  3 howler monkeys
  A troll skeleton (Volcano)
  A wolf zombie (Bailey)
  2 lava snakes (D:14)
  7 starcursed masses (Abyss:3)
  2 hounds
  14 orc priests
  A jelly (D:6)
  5 centaur skeletons
  Natasha (twice) (D:4)
  A polar bear simulacrum (IceCv)
  18 orc wizards
  A hell rat (Lair:6)
  A wolf simulacrum (IceCv)
  The ghost of Persephone the Bolt Thrower, a weakling MiHu (D:3)
  2 mummies (Ossuary)
  Robin (D:2)
  3 gnolls
  A howler monkey skeleton (D:7)
  7 adders
  2 shadow imps
  2 white imps
  3 adder skeletons (D:4)
  A worm (D:2)
  2 dart slugs
  58 orcs
  5 bats
  4 endoplasms
  5 giant cockroaches
  16 goblins
  8 hobgoblins
  7 jackals
  9 kobolds
  A quokka (D:2)
  10 ball pythons
  3 frilled lizards
  2 goblin zombies (Ossuary)
  A hobgoblin zombie (Ossuary)
  3 kobold zombies (Ossuary)
  12 orc zombies (Bailey)
  5 rats
  A spectral orc (D:4)
  4 briar patches (Swamp:4)
  4 fungi
  3 plants
932 creatures vanquished.

Vanquished Creatures (collateral kills)
  A deep elf blademaster (Elf:2)
  A thorn hunter (Swamp:4)
  4 emperor scorpions
  A deep elf sorcerer (Elf:3)
  A deep elf elementalist (Elf:3)
  2 eleionomae
  A spark wasp (Spider:1)
  A deep elf annihilator (Elf:3)
  2 entropy weavers
  A deep elf death mage (Elf:2)
  2 shambling mangroves
  A rakshasa (D:15)
  2 deep elf high priests (Elf:3)
  A boulder beetle (D:14)
  A catoblepas (Lair:6)
  6 hydras
  2 ogre magi
  A jorogumo (Spider:3)
  An alligator (Swamp:1)
  6 two-headed ogres
  3 centaur warriors
  10 dancing weapons
  A death yak (Lair:6)
  A thrashing horror (Abyss:3)
  An orc high priest (Orc:1)
  Urug (Orc:2)
  6 deep elf knights
  A skeletal warrior (D:14)
  3 pharaoh ants
  A goliath frog (Swamp:3)
  A spriggan druid (Swamp:2)
  2 steelbarb worms
  7 orb spiders
  3 deep elf archers
  2 swamp dragons (Swamp:4)
  2 bog bodies
  A wizard (Elf:1)
  7 deep elf zephyrmancers
  7 deep elf pyromancers
  A manticore (Lair:6)
  3 cyclopes
  A stone giant zombie (Abyss:3)
  3 ugly things
  2 oklob plants
  4 wolf spiders
  4 will-o-the-wisps
  A salamander (shapeshifter) (D:14)
  2 centaur zombies
  5 elephants
  A black mamba (Lair:2)
  A centaur skeleton (D:14)
  A torpor snail (Lair:6)
  A gargoyle (D:13)
  5 cane toads
  A yaktaur (D:14)
  An unseen horror (D:10)
  3 rime drakes
  3 komodo dragons
  4 demonic crawlers
  An efreet (D:13)
  7 meliai
  A polar bear (Lair:6)
  2 trolls
  6 tyrant leeches
  5 hornets
  8 tarantellas
  3 slime creatures
  5 blink frogs (Lair:6)
  4 large abominations (Abyss:3)
  11 jumping spiders
  8 culicivoras
  2 shadows
  6 spriggans
  A water elemental (Elf:1)
  4 vampires
  3 wraiths
  A wyvern (Lair:5)
  8 yaks
  3 basilisks
  3 steam dragons
  A fire elemental (Elf:2)
  16 redbacks
  A swamp worm (Swamp:1)
  Edmund (D:5)
  3 vampire mosquitoes
  A warg (Orc:1)
  4 water moccasins
  3 swamp drakes
  16 orc warriors
  3 black bears
  An ice beast (D:8)
  A sky beast (D:6)
  6 ogres
  6 wolves
  4 centaurs
  A boggart (Gauntlet)
  2 bullfrogs
  2 scorpions
  An earth elemental (Elf:2)
  A water moccasin skeleton (D:5)
  An elephant simulacrum (IceCv)
  8 killer bees
  A troll skeleton (Volcano)
  3 vampire bats (Bailey)
  6 wights
  A howler monkey (D:11)
  4 starcursed masses (Abyss:3)
  11 orc priests
  3 hounds
  A jelly (D:6)
  An iguana (D:5)
  Natasha (D:4)
  11 orc wizards
  5 hell rats (Lair:6)
  A mummy (Ossuary)
  A howler monkey zombie (D:10)
  A howler monkey skeleton (D:4)
  4 gnolls
  2 adders
  10 orc zombies (Bailey)
  A white imp (D:7)
  An adder zombie (D:4)
  21 orcs
  A goblin (D:7)
  A quokka (D:5)
  A gnoll zombie (Ossuary)
  A hobgoblin zombie (Ossuary)
  A kobold zombie (Ossuary)
  2 bushes (Lair:5)
  A fungus (Lair:4)
418 creatures vanquished.

Vanquished Creatures (others)
  A deep elf zephyrmancer (Elf:3)
  5 bloated husks
  A tarantella (Spider:3)
  3 humans (Spider:1)
  A redback (Spider:1)
  2 vampire mosquitoes (Swamp:2)
  A swamp worm (Swamp:2)
  2 necrophages (Swamp:3)
  38 battlemagi
  An orc (D:8)
  17 foxfires
  28 fungi
  64 plants
  4 starspawn tentacles
168 creatures vanquished.

Grand Total: 1518 creatures vanquished

Notes
Turn   | Place    | Note
-------+----------+-------------------------------------------
     0 | D:1      | issech the Minotaur Monk began the quest for the Orb.
     0 | D:1      | Reached XP level 1. HP: 19/19 MP: 0/0
   111 | D:1      | Reached XP level 2. HP: 17/27 MP: 1/1
   694 | D:1      | Reached XP level 3. HP: 33/33 MP: 2/2
   703 | D:1      | Got Gaun's Catalogue of Changing and Ice
  1363 | D:2      | Reached XP level 4. HP: 25/40 MP: 3/3
  1507 | D:2      | Noticed Robin
  1524 | D:2      | Killed Robin
  1562 | D:2      | Learned a level 1 spell: Sting
  1767 | D:2      | Reached skill level 5 in Axes
  2053 | D:3      | Reached XP level 5. HP: 40/47 MP: 4/4
  2505 | D:3      | Noticed Grinder
  2514 | D:3      | Paralysed by Grinder for 6 turns
  2531 | D:3      | Paralysed by Grinder for 5 turns
  2539 | D:3      | Killed Grinder
  2540 | D:3      | Reached skill level 1 in Armour
  2540 | D:3      | Reached XP level 6. HP: 32/55 MP: 5/5
  2733 | D:3      | Found a runed translucent gate.
  2733 | D:3      | Found a runed translucent gate.
  2733 | D:3      | Found a runed translucent gate.
  2737 | D:3      | Noticed Persephone's ghost (weakling MiHu)
  2865 | D:3      | Killed Persephone's ghost
  3093 | D:4      | Noticed Duvessa
  3143 | D:4      | Reached XP level 7. HP: 58/60 MP: 6/6
  3282 | D:4      | Noticed Blork the orc
  3299 | D:4      | Killed Blork the orc
  3300 | D:4      | Reached skill level 5 in Fighting
  3376 | D:4      | Noticed Sigmund
  3389 | D:4      | Killed Sigmund
  3390 | D:4      | Reached skill level 1 in Throwing
  3443 | D:4      | Reached skill level 5 in Dodging
  3501 | D:4      | Noticed Natasha
  3505 | D:4      | Killed Natasha
  3506 | D:4      | Reached skill level 1 in Polearms
  3519 | D:4      | Noticed Dowan
  3529 | D:4      | Killed Duvessa
  3530 | D:4      | Reached XP level 8. HP: 20/68 MP: 7/7
  3531 | D:4      | Killed Dowan
  3838 | D:4      | Found a hazy altar of Hepliaklqana.
  3848 | D:4      | Became a worshipper of Hepliaklqana the Forgotten
  3848 | D:4      | Reached * piety under Hepliaklqana
  3848 | D:4      | Reached ** piety under Hepliaklqana
  3849 | D:4      | Remembered your ancestor Mirna as a battlemage
  3912 | D:4      | Noticed Natasha
  3916 | D:4      | Killed Natasha
  3961 | D:4      | Reached skill level 5 in Armour
  4024 | D:4      | Noticed Natasha
  4027 | D:4      | Killed Natasha
  4159 | D:4      | Found a runed translucent gate.
  4160 | D:4      | Found a runed translucent gate.
  4160 | D:4      | Found an opulent altar of Gozag.
  4161 | D:4      | Found a runed translucent gate.
  4163 | D:4      | Noticed bchevrier's ghost (amateur GnWr)
  4216 | D:4      | Killed bchevrier's ghost
  4541 | D:5      | Entered Level 5 of the Dungeon
  4563 | D:5      | Found a large runed translucent door.
  4565 | D:5      | Found a large runed translucent door.
  4565 | D:5      | Noticed Edmund
  4570 | D:5      | Killed Edmund
  4668 | D:5      | Found a sand-covered staircase.
  4674 | Ossuary  | Entered an ossuary
  5075 | Ossuary  | Reached skill level 5 in Polearms
  5278 | D:5      | Reached XP level 9. HP: 65/67 MP: 8/8
  5285 | D:5      | Found an iron altar of Okawaru.
  5326 | D:5      | Found a broken altar of Ashenzari.
  5500 | D:5      | Noticed Pikel
  5510 | D:5      | Killed Pikel
  5511 | D:5      | Reached skill level 1 in Shields
  5627 | D:5      | Found an opulent altar of Gozag.
  5687 | D:5      | Found a staircase to the Ecumenical Temple.
  5698 | D:5      | Identified the +2 rapier "Yzeno" {elec, rF- rN+ rCorr
                  | Int+7}
  5709 | Temple   | Entered the Ecumenical Temple
  6226 | D:5      | Found a sacrificial altar of Ru.
  6246 | D:5      | Found a snail-covered altar of Cheibriados.
  6429 | D:6      | Reached *** piety under Hepliaklqana
  6694 | D:6      | Reached skill level 2 in Shields
  7326 | D:7      | Found a flagged portal.
  7348 | Bailey   | Entered a bailey
  7479 | Bailey   | Noticed a gargoyle
  7486 | Bailey   | Killed a gargoyle
  7487 | Bailey   | Reached XP level 10. HP: 36/77 MP: 9/9
  8137 | Bailey   | Identified the +3 long sword of the Screaming Wasp {freeze,
                  | +Blink rN+}
  8200 | Bailey   | Identified the +1 plate armour of the Arcane {Contam rElec
                  | Int+3}
  8817 | D:7      | Reached skill level 1 in Long Blades
  9129 | D:7      | Reached skill level 3 in Shields
  9258 | D:7      | Found a white marble altar of Elyvilon.
  9560 | D:7      | Found Wapagoreux's Antique Weapon Boutique.
  9678 | D:8      | Reached **** piety under Hepliaklqana
  9692 | D:8      | Reached skill level 5 in Stealth
  9816 | D:8      | Noticed an elephant
  9826 | D:8      | Killed an elephant
  9833 | D:8      | Reached skill level 5 in Long Blades
 10117 | D:8      | Found a staircase to the Lair.
 10200 | D:8      | Noticed Maurice
 10210 | D:8      | Killed Maurice
 10413 | D:8      | Noticed a two-headed ogre
 10422 | D:8      | Killed a two-headed ogre
 10423 | D:8      | Reached XP level 11. HP: 38/85 MP: 10/10
 11176 | D:9      | Noticed Psyche
 11349 | D:9      | Killed Psyche
 11470 | D:9      | Identified the +3 dagger of Edox {venom, rElec Will- rCorr
                  | Stlth+}
 11882 | D:9      | Reached skill level 10 in Polearms
 11890 | D:9      | Found a staircase to the Orcish Mines.
 12067 | D:9      | Noticed a two-headed ogre
 12076 | D:9      | Killed a two-headed ogre
 12553 | D:10     | Entered Level 10 of the Dungeon
 12560 | D:10     | Reached skill level 4 in Shields
 12614 | D:10     | Found a burning altar of Makhleb.
 12858 | D:10     | Noticed a two-headed ogre
 12865 | D:10     | Killed a two-headed ogre
 13049 | D:10     | Noticed a two-headed ogre
 13056 | D:10     | Killed a two-headed ogre
 13057 | D:10     | Reached skill level 1 in Maces & Flails
 13221 | D:10     | Noticed a centaur warrior
 13221 | D:10     | Noticed a two-headed ogre
 13422 | D:11     | Reached ***** piety under Hepliaklqana
 13478 | D:11     | Found a runed translucent door.
 13492 | D:11     | Noticed an orc knight
 13732 | D:11     | Noticed a boulder beetle
 13739 | D:11     | Killed a boulder beetle
 13747 | D:11     | Gained mutation: You sometimes lose the ability to read
                  | scrolls when taking damage. [potion of mutation]
 13747 | D:11     | Gained mutation: You are partially covered in large bone
                  | plates. (SH +4) [potion of mutation]
 13747 | D:11     | Gained mutation: You have large cloven feet. [potion of
                  | mutation]
 14018 | D:11     | Noticed a six-headed hydra
 14025 | D:11     | Killed a six-headed hydra
 14026 | D:11     | Reached skill level 5 in Maces & Flails
 14026 | D:11     | Reached skill level 10 in Armour
 14026 | D:11     | Reached skill level 5 in Shields
 15008 | D:11     | Killed an orc knight
 15045 | D:11     | Reached XP level 12. HP: 53/95 MP: 11/11
 15241 | D:10     | Killed a centaur warrior
 15245 | D:10     | Killed a two-headed ogre
 15658 | D:10     | Reached skill level 10 in Fighting
 15692 | D:10     | Identified the +1 scale mail of Agoraphobia {rF+ Will-
                  | Regen+ Str+3}
 15943 | D:12     | Reached skill level 6 in Shields
 16183 | D:12     | Noticed Fannar
 16188 | D:12     | Killed Fannar
 16217 | D:12     | Noticed a two-headed ogre
 16224 | D:12     | Killed a two-headed ogre
 16513 | D:12     | Reached skill level 7 in Shields
 16730 | D:12     | Noticed Jorgrun
 16747 | D:12     | HP: 3/96 [Jorgrun/iron shot (43)]
 16748 | D:12     | Killed Jorgrun
 17570 | D:13     | Reached skill level 8 in Shields
 17585 | D:13     | Identified the +4 hand crossbow of Systro Jokly {flame,
                  | rElec rC++ Int-2 Stlth+}
 17594 | D:13     | Noticed a centaur warrior
 17595 | D:13     | Noticed a centaur warrior
 17603 | D:13     | Killed a centaur warrior
 17605 | D:13     | Killed a centaur warrior
 17609 | D:13     | Reached XP level 13. HP: 51/104 MP: 12/12
 17661 | D:13     | Identified the +5 dagger of Valiance {antimagic, Contam
                  | rElec Will+ Str+3}
 17846 | D:13     | Reached skill level 10 in Maces & Flails
 17893 | D:13     | Reached skill level 1 in Crossbows
 18250 | D:13     | Reached skill level 9 in Shields
 18819 | D:14     | Found an opulent altar of Gozag.
 19317 | D:14     | Reached skill level 10 in Shields
 19810 | D:14     | Found a gate to the Vaults.
 20406 | D:15     | Entered Level 15 of the Dungeon
 20438 | D:15     | Paralysed by an ogre mage for 7 turns
 20765 | D:15     | Reached XP level 14. HP: 112/112 MP: 13/13
 21326 | D:15     | Found Huen Pukh's Assorted Antiques.
 21483 | D:15     | Reached skill level 5 in Crossbows
 21487 | D:15     | Paralysed by a great orb of eyes for 2 turns
 21624 | D:15     | Found a staircase to the Depths.
 21636 | D:15     | Reached skill level 11 in Shields
 21901 | D:15     | Found a blossoming altar of Fedhas.
 21927 | D:15     | Bought a scroll of identify for 64 gold pieces
 21938 | D:15     | Bought a scroll labelled TEIWYO LUOMO for 32 gold pieces
 21938 | D:15     | Acquired 1051 gold pieces
 22310 | D:15     | Bought an encrusted golden ring for 160 gold pieces
 22812 | Lair:1   | Entered Level 1 of the Lair of Beasts
 22980 | Lair:1   | Identified the +1 quarterstaff "Duuleki" {holy, rC+ Will++
                  | Int-3}
 22988 | Lair:1   | Reached ****** piety under Hepliaklqana
 23223 | Lair:1   | Identified the +9 war axe of the New World {vorpal, rCorr}
 23642 | Lair:2   | Found a gate leading to a gauntlet.
 23687 | Gauntlet | Entered a Gauntlet
 23687 | Gauntlet | Found a transporter.
 23687 | Gauntlet | Found a transporter.
 23687 | Gauntlet | Found a transporter.
 23738 | Gauntlet | Found a transporter.
 23740 | Gauntlet | Found a transporter.
 23747 | Gauntlet | Found a transporter.
 23749 | Gauntlet | Found a transporter.
 23759 | Gauntlet | Found a transporter.
 23775 | Gauntlet | Found a transporter.
 23781 | Gauntlet | Found a transporter.
 23783 | Gauntlet | Found a transporter.
 23794 | Gauntlet | Found a transporter.
 23935 | Gauntlet | Noticed a brown very ugly thing
 23935 | Gauntlet | Noticed a brown very ugly thing
 23938 | Gauntlet | Noticed an ironbound thunderhulk
 23947 | Gauntlet | Noticed an ironbound thunderhulk
 23948 | Gauntlet | Noticed an ironbound thunderhulk
 23959 | Gauntlet | Identified the +2 cloak of Defiance {rF+ Regen+ Int+3}
 24100 | Gauntlet | Identified the +10 flail of Division {venom, rF+ rC- MP+9}
 24257 | Gauntlet | Identified the +1 ring mail of the Elven Halls {Fly}
 24321 | Gauntlet | Identified the +0 hat of the Grue {+Inv Stlth+}
 24322 | Gauntlet | Got Sif Muna's Collected Works on the Voyage
 24689 | Lair:2   | You fall into a shaft and drop 2 floors!
 24739 | Lair:4   | Found a frozen archway.
 24763 | IceCv    | Entered an ice cave
 24781 | IceCv    | Found a transporter.
 24802 | IceCv    | Found a transporter.
 24806 | IceCv    | Identified the +1 chain mail of the Six Cities {rC++}
 24831 | IceCv    | Gained mutation: You are clumsy. (Dex -2) [mutagenic glow]
 24974 | Lair:4   | Found a dark tunnel.
 24995 | Volcano  | Entered a volcano
 26470 | Lair:3   | Reached skill level 12 in Shields
 26686 | Lair:3   | Found a white marble altar of Elyvilon.
 27020 | Lair:3   | Reached XP level 15. HP: 120/120 MP: 14/14
 27460 | Lair:2   | Found a staircase to the Swamp.
 27559 | Lair:2   | Found a hole to the Spider Nest.
 28420 | Lair:5   | Found a viscous altar of Jiyva.
 28420 | Lair:5   | Found a staircase to the Slime Pits.
 28783 | Lair:5   | Reached skill level 10 in Axes
 29690 | Lair:5   | Got the Incunabulum of the Virous Rocks
 29692 | Lair:5   | Identified the ring of Xom's Best Wishes {Fire Int+2}
 29727 | Lair:6   | Entered Level 6 of the Lair of Beasts
 29913 | Lair:6   | Reached skill level 13 in Shields
 31479 | Lair:2   | Lost mutation: You have large cloven feet. [potion of
                  | mutation]
 31479 | Lair:2   | Lost mutation: You are clumsy. (Dex -2) [potion of
                  | mutation]
 31479 | Lair:2   | Gained mutation: You are agile. (Dex +2) [potion of
                  | mutation]
 31479 | Lair:2   | Gained mutation: Your natural rate of healing is unusually
                  | fast. [potion of mutation]
 31516 | Swamp:1  | Entered Level 1 of the Swamp
 31590 | Swamp:1  | Reached XP level 16. HP: 131/131 MP: 15/15
 31646 | Swamp:1  | Found an ornate altar of the Wu Jian Council.
 31923 | Swamp:1  | Identified the +3 robe "Lintoq" {rCorr Int+3}
 32838 | Swamp:3  | Identified the +1 robe of Failure {Will+}
 33121 | Swamp:3  | HP: 4/132 [acid[a spriggan druid] (5)]
 33138 | Swamp:4  | Entered Level 4 of the Swamp
 33165 | Swamp:4  | HP: 5/132 [constriction (13)]
 33237 | Swamp:4  | Noticed a tentacled monstrosity
 33240 | Swamp:4  | Reached skill level 14 in Shields
 33248 | Swamp:4  | Killed a tentacled monstrosity
 33283 | Swamp:3  | Noticed Nikola
 33782 | Swamp:4  | Noticed a thorn hunter
 33833 | Swamp:3  | Killed Nikola
 34057 | Swamp:3  | Reached skill level 15 in Fighting
 34948 | Swamp:4  | Reached skill level 15 in Shields
 35207 | Swamp:4  | Got a decaying rune of Zot
 35276 | Swamp:4  | Killed a thorn hunter
 35277 | Swamp:4  | Reached XP level 17. HP: 140/140 MP: 16/16
 35779 | Spider:1 | Entered Level 1 of the Spider Nest
 35852 | Spider:1 | Noticed Kirke
 35865 | Spider:1 | Killed Kirke
 35935 | Spider:1 | Noticed Louise
 35950 | Spider:1 | Killed Louise
 36036 | Spider:1 | Noticed Aizul
 36056 | Spider:1 | Killed Aizul
 36237 | Spider:1 | Noticed Mlioglotl
 36260 | Spider:1 | Killed Mlioglotl
 38547 | Spider:3 | Reached skill level 16 in Shields
 38862 | Spider:3 | Reached skill level 10 in Crossbows
 39006 | Spider:3 | Noticed Asterion
 39022 | Spider:3 | Killed Asterion
 39023 | Spider:3 | Reached skill level 15 in Axes
 39142 | Spider:3 | Identified the +1 scale mail of Yttoeruh {rF+}
 39247 | Spider:3 | Noticed Azrael
 39257 | Spider:3 | Killed Azrael
 39810 | Spider:4 | Entered Level 4 of the Spider Nest
 39896 | Spider:4 | Acquired a manual of Armour
 40029 | Spider:4 | Reached skill level 15 in Armour
 40113 | Spider:4 | Reached XP level 18. HP: 92/150 MP: 1/17
 40183 | Spider:4 | Reached skill level 17 in Shields
 40926 | Spider:4 | Got a gossamer rune of Zot
 41997 | Orc:1    | Entered Level 1 of the Orcish Mines
 42486 | Orc:1    | Found Vidd's Distillery.
 42875 | Orc:2    | Entered Level 2 of the Orcish Mines
 42875 | Orc:2    | Noticed Snorg
 42880 | Orc:2    | Noticed Sonja
 42886 | Orc:1    | Killed Snorg
 42900 | Orc:2    | Noticed Donald
 42908 | Orc:2    | Killed Donald
 42910 | Orc:2    | Killed Sonja
 43226 | Orc:2    | Noticed Nessos
 43229 | Orc:2    | Killed Nessos
 43254 | Orc:2    | Reached skill level 18 in Shields
 43287 | Orc:2    | Found Husemes's Book Shop.
 43298 | Orc:2    | Found Syschojib's General Store.
 43299 | Orc:2    | Found Gediv's Distillery.
 43405 | Orc:2    | Bought a manual of Crossbows for 1040 gold pieces
 43412 | Orc:2    | Found a staircase to the Elven Halls.
 43421 | Orc:2    | Found Jadif's General Store.
 43503 | Orc:2    | Noticed Urug
 43509 | Orc:2    | Killed Urug
 43620 | Orc:2    | Found Foiwa's Distillery.
 43959 | Elf:1    | Entered Level 1 of the Elven Halls
 43959 | Elf:1    | Found Neygue's Magic Scroll Boutique.
 44081 | Elf:1    | Noticed Agnes
 44085 | Elf:1    | Killed Agnes
 45142 | Elf:2    | Found Vomur's Assorted Antiques.
 45174 | Elf:2    | Reached XP level 19. HP: 160/160 MP: 18/18
 45240 | Elf:2    | Found a runed translucent gate.
 45240 | Elf:2    | Found a runed translucent gate.
 45241 | Elf:2    | Found a runed translucent gate.
 45272 | Elf:2    | Found Jascho's Magic Scroll Shoppe.
 45276 | Elf:2    | Found Boitho's Armour Emporium.
 45276 | Elf:2    | Found Exkir Loo's Antique Weapon Shoppe.
 45283 | Elf:2    | Found Ufui's General Store.
 45326 | Elf:2    | Reached skill level 19 in Shields
 46202 | Elf:3    | Entered Level 3 of the Elven Halls
 46204 | Elf:3    | Found Heoll's Magic Scroll Boutique.
 46361 | Elf:3    | Cast into level 3 of the Abyss (a deep elf sorcerer)
 46413 | Abyss:3  | Gained mutation: You are frail. (-10% HP) [a neqoxec]
 46526 | Abyss:3  | Found a transporter.
 46719 | Elf:3    | Escaped the Abyss
 46731 | Elf:3    | Reached skill level 20 in Shields
 46740 | Elf:3    | Killed from afar by a deep elf annihilator

Illustrated notes

Levels and vault maps discovered:
D:1:      dpeg_arrival_rhombus, layout_basic
D:2:      layout_rooms, uniq_robin
D:3:      layout_loops_ring, ebering_ghost_rock_garden, grunt_decor_one_mirror,
          uniq_grinder
D:4:      layout_loops_ring, nicolae_hepliaklqana_monster_ancestors,
          ebering_ghost_gozag, uniq_duvessa, uniq_sigmund, uniq_blork_the_orc,
          uniq_natasha
D:5:      layout_loops_cross, old_standard_altar, jmf_multi_god_temple2,
          mainiacjoe_overflow_large_starburst, minmay_temple_entry_offerings,
          enter_ossuary_2, uniq_edmund, uniq_pikel
D:6:      layout_loops_ring
D:7:      layout_loops_ring, lemuel_crystal_altar, serial_shops,
          nicolae_stop_n_shop_2, enter_bailey_7
D:8:      layout_cave_pods, david_lair_generic, serial_column_ruins,
          column_ruins_hut, column_ruins_hut_ruined, column_ruins_open_tiny,
          column_ruins_grid_1, column_ruins_grid_1, column_ruins_columns_corner,
          abandoned_shop, uniq_maurice
D:9:      layout_long_grid, erik_orc_2, uniq_psyche
D:10:     layout_long_grid, amcnicky_altar_gilded,
          onia_ninara_dug_in_and_dangerous
D:11:     layout_stronghold, lightli_church_of_beogh
D:12:     layout_loops_ring, serial_rivers, chequers_serial_rivers_small_a,
          chequers_serial_rivers_micro_e, chequers_serial_rivers_micro_a,
          chequers_serial_rivers_marsh, chequers_serial_rivers_large_b,
          uniq_fannar, uniq_jorgrun
D:13:     layout_cave_pools, minmay_the_grid_square_5x5_3x3_mashed
          [minmay_the_grid_square_5x5_inner_z,
          minmay_the_grid_square_5x5_two_small,
          minmay_the_grid_square_5x5_gyroscope,
          minmay_the_grid_square_5x5_six_small,
          minmay_the_grid_square_5x5_megaprize_open,
          minmay_the_grid_square_5x5_minimal, minmay_the_grid_square_5x5_z,
          minmay_the_grid_square_5x5_tri_point,
          minmay_the_grid_square_5x5_beaten_path]
D:14:     layout_irregular_city, hangedman_vaults_entry_quadrant_bands,
          nicolae_gozag_cash_rules_everything_around_me,
          kennysheep_cluttered_room, skrybe_limestone_x,
          ebering_dispersal_statue_hall, chequers_serial_rivers_micro_a
D:15:     gammafunk_enter_depths_forms, layout_rooms, serial_shops,
          nicolae_shop_statue_plus, chequers_serial_rivers_large_a,
          minmay_misc_feat_secret_circle, fedhas_altar_2
Temple:   minmay_temple_curvy_branch
Lair:1:   layout_cellular_growth, gammafunk_lair_bear_cave, lemuel_fruit_fields
Lair:2:   layout_loops_ring, skrybe_swamp_entry_bodies,
          nicolae_spider_entry_orb_guardian, gauntlet_entry_generic,
          wad_woods_03
Lair:3:   layout_hall_layers, basic_altar, bobbens_dragon_lair_wall
Lair:4:   layout_long_grid, portal_ice_cave_rime, enter_volcano_2,
          grunt_megastairs_2
Lair:5:   minmay_lair_oklob_chamber, layout_loops_ring, slime_altar_1,
          chequers_serial_rivers_small_b, grunt_megastairs_3, lemuel_fruit_tree
Lair:6:   hangedman_lair_in_review, layout_cave_pods, special_room
          [special_room_bee], chequers_serial_rivers_micro_d,
          grunt_forest_small_clearing_treed, infiniplex_staircase_pool
Swamp:1:  layout_basic_swamp, nicolae_swamp_godswood
Swamp:2:  layout_basic_swamp, evilmike_swamp_ruin_house_1
Swamp:3:  layout_falls_marsh, nicolae_swamp_oxbows, uniq_nikola
Swamp:4:  swamp, layout_basic_swamp
Spider:1: layout_spider_delve, uniq_mlioglotl, uniq_aizul, uniq_louise,
          uniq_kirke
Spider:2: layout_chambers
Spider:3: layout_spider_delve, drop_trap, nicolae_spider_orb_run, uniq_azrael,
          uniq_asterion
Spider:4: guppyfry_spider_rune
Orc:1:    layout_diamond_mine, serial_shops, shop_statue
Orc:2:    st_orc_open, layout_caves, serial_shops,
          nicolae_shop_advertising_works [nicolae_subvault_shop_adworks],
          nicolae_orc_stony_grotto, uniq_snorg, uniq_nessos, uniq_donald,
          uniq_urug, uniq_sonja
Elf:1:    layout_loops_corners, serial_shops, shop, hangedman_elf_disciples,
          uniq_agnes
Elf:2:    elven_hall_of_blades_hangedman_original
          [nicolae_blade_entry_sentries_behind_glass], layout_geoelf_grid,
          serial_shops, nicolae_shop_temple_entry_statues_fountains,
          minmay_shoptagon
Elf:3:    minmay_elf_hall_curves, layout_geoelf_octagon, serial_shops, shop,
          shop, shop_fountains

Skill      XL: |  1  2  3  4  5  6  7  8  9 10 11 12 13 14 15 16 17 18 19 |
---------------+----------------------------------------------------------+-----
Axes           | 4 5 6 7 8 12 14 15 16 17 | 17.1
Fighting       | 4 5 6 7 8 9 11 12 14 15 16 17 18 | 18.3
Dodging        | 4 5 6 7 8 9 |  9.0
Stealth        | 2 3 4 5 6 7 |  7.7
Armour         | 1 3 4 5 6 8 10 11 12 13 14 15 16 17 | 17.5
Throwing       | 1 2 3 |  3.2
Polearms       | 2 5 9 10 | 10.7
Shields        | 2 3 5 8 10 12 13 15 16 18 20 | 20.0
Long Blades    | 6 |  6.2
Maces & Flails | 5 9 12 14 | 14.0
Crossbows      | 4 6 7 8 10 11 | 11.2
Unarmed Combat | |  0.6
Spellcasting   | |  0.4
Transmutations | |  0.5
Poison Magic   | |  0.3
Evocations     | |  0.2

Action                   |  1- 3 |  4- 6 |  7- 9 | 10-12 | 13-15 | 16-18 | 19-21 || total
-------------------------+-------+-------+-------+-------+-------+-------+-------++-------
Melee: Hand axe          |    67 |    54 |       |       |       |       |       ||   121
       Headbutt          |     9 |    19 |    37 |    88 |   282 |   204 |    64 ||   703
       War axe           |       |    40 |    27 |       |   526 |   783 |   223 ||  1599
       Scythe            |       |       |   163 |    10 |       |       |       ||   173
       Long sword        |       |       |       |    91 |       |       |       ||    91
       Halberd           |       |       |       |    88 |       |       |       ||    88
       Unarmed           |       |       |       |     6 |       |       |       ||     6
       Morningstar       |       |       |       |   167 |   291 |       |       ||   458
       Mace              |       |       |       |       |    10 |       |       ||    10
       Kick              |       |       |       |       |   332 |       |       ||   332
       Flail             |       |       |       |       |    53 |       |       ||    53
       Hand crossbow     |       |       |       |       |       |     2 |       ||     2
 Fire: Hand crossbow     |       |       |       |     3 |   258 |   544 |     3 ||   808
Throw: Stone             |     2 |     7 |     2 |     8 |       |       |       ||    19
       Boomerang         |       |       |       |    11 |     1 |    15 |     4 ||    31
 Cast: Sting             |       |     4 |       |       |       |       |       ||     4
Invok: Ancestor Life: Ba |       |       |     1 |       |       |       |       ||     1
Evoke: Wand              |       |       |       |     2 |       |       |       ||     2
  Use: Scroll            |       |     1 |     7 |     7 |    16 |     6 |       ||    37
       Potion            |       |       |     1 |     4 |     3 |     9 |     3 ||    20
 Stab: Sleeping          |     2 |       |     1 |       |     2 |     1 |       ||     6
       Distracted        |       |       |     7 |     4 |    18 |    20 |     5 ||    54
Armor: Robe              |    11 |       |    12 |       |       |       |       ||    23
       Ring mail         |       |    22 |     1 |       |       |       |       ||    23
       Chain mail        |       |       |    25 |       |    69 |   493 |       ||   587
       Plate armour      |       |       |    34 |   149 |   193 |    14 |    40 ||   430
       Fire dragon scale |       |       |       |       |     7 |       |       ||     7
Dodge: Dodged            |    67 |    80 |   145 |   215 |   367 |   560 |    34 ||  1468
Block: Other             |       |       |    29 |    49 |       |       |       ||    78
       Reflection        |       |       |       |    24 |    35 |    26 |    19 ||   104
       Buckler           |       |       |       |   150 |   729 |   455 |       ||  1334
       Tower shield      |       |       |       |       |       |   808 |       ||   808
       Kite shield       |       |       |       |       |       |   165 |   183 ||   348
